 Dungeon Crawl Stone Soup version 0.26-a0-181-g2520fe3 (webtiles) character file.

Game seed: 9016894265345661432

537 Firecrotchwizard the Poker (level 7, 0/61 HPs)
             Began as a Hill Orc Fighter on July 3, 2020.
             Was a Follower of Beogh.
             Killed from afar by a white imp (9 damage)
             ... with a puff of frost
             ... on level 5 of the Dungeon.
             The game lasted 00:05:00 (4223 turns).

Firecrotchwizard the Poker (Hill Orc Fighter)       Turns: 4223, Time: 00:05:00

Health: 0/61       AC:  6    Str: 21    XL:     7   Next: 25%
Magic:  8/8        EV:  7    Int:  8    God:    Beogh [*.....]
Gold:   239        SH: 10    Dex: 10    Spells: 6/6 levels left

rFire    . . .     SeeInvis .   k - +2 dagger (venom)
rCold    . . .     Faith    .   c - +0 kite shield
rNeg     . . .     Spirit   .   b - +0 scale mail
rPois    .         Reflect  .   (no helmet)
rElec    .         Harm     .   d - +1 cloak
rCorr    .                      o - +0 pair of gloves
MR       .....                  (no boots)
Stlth    ..........             (no amulet)
HPRegen  0.20/turn              (no ring)
MPRegen  0.11/turn              (no ring)

@: corroded
A: no striking features
a: Renounce Religion


You were on level 5 of the Dungeon.
You worshipped Beogh.
Beogh was aware of your devotion.
You were not hungry.

You visited 1 branch of the dungeon, and saw 5 of its levels.

You collected 239 gold pieces.

Inventory:

Hand Weapons
 a - a +0 trident
 k - a +2 dagger of venom (weapon)
   (You took it off a goblin on level 3 of the Dungeon)
Armour
 b - a +0 scale mail (worn)
 c - a +0 kite shield (worn)
 d - a +1 cloak (worn)
   (You found it on level 3 of the Dungeon)
 o - a +0 pair of gloves (worn)
   (You found it on level 4 of the Dungeon)
 s - a +2 pair of boots
   (You found it on level 1 of the Dungeon)
Jewellery
 t - a +6 ring of intelligence {unknown}
   (You found it on level 1 of the Dungeon)
Scrolls
 e - a scroll of amnesia {unknown}
 i - a scroll of fog {unknown}
 j - a scroll of blinking {unknown}
 p - a scroll of magic mapping {unknown}
 r - a scroll of identify {unknown}
 u - a scroll of enchant armour {unknown}
 v - a scroll of enchant weapon {unknown}
Potions
 g - a potion of brilliance {unknown}
 h - a potion of flight {unknown}
 l - a potion of might
 m - a potion of lignification {unknown}
 n - 2 potions of degeneration {unknown}
 q - a potion of curing {unknown}
Comestibles
 f - 12 rations


   Skills:
 + Level 5.5 Fighting
 * Level 5.9 Polearms
 - Level 3.2 Armour
 + Level 5.1 Shields
 + Level 2.3 Invocations


You had 6 spell levels left.
You didn't know any spells.
Your spell library contained the following spells:

 Spells                   Type           Power        Failure   Level  Hunger
 Animate Skeleton         Necr           N/A          99%         1    ##.....
 Apportation              Tloc           #.....       99%         1    ##.....
 Corona                   Hex            #......      99%         1    ##.....
 Summon Small Mammal      Summ           #...         99%         1    ##.....


Dungeon Overview and Level Annotations

Branches:
Dungeon (5/15)
 Temple: D:4-7

Altars:
Nemelex Xobeh
The Shining One

Annotations:
D:4 1 runed translucent door, Crazy Yiuf, Sigmund


Message History

Some of the chunks of flesh in your inventory have rotted away.
Health restored: 56 You see here an adder skeleton.
Eating a chunk of flesh {@w0}.
You eat the chunk of flesh {@w0}.
Found a stone staircase leading down.
You now have 201 gold pieces (gained 12).
Found a stone staircase leading down.
No target in view!
No target in view!
q - an amethyst potion You now have 219 gold pieces (gained 18).
Found a stone staircase leading up.
There is a stone staircase leading up here.
You now have 239 gold pieces (gained 20).
Found a stone staircase leading down.
A centaur comes into view.
The centaur shouts!
The centaur wields a +0 shortbow.
The centaur shoots an arrow.
You block the arrow.
The centaur shoots an arrow.
The arrow hits you.
You see here 2 arrows.
You take 1 damage, and have 55/56 hp.
A centaur is nearby!
Found an escape hatch in the ceiling.
The centaur shoots an arrow.
The arrow hits you.
You hear a shout!
You see here an arrow.
You take 3 damage, and have 52/56 hp.
The centaur shoots an arrow.
You block the arrow.
The centaur shoots an arrow.
The arrow hits you.
You take 3 damage, and have 49/56 hp.
The centaur shoots an arrow.
You block the arrow.
A white imp comes into view.
You see here an arrow.
A jelly comes into view.
The jelly quivers.
The centaur unwields a +0 shortbow.
You block the centaur's attack.
You closely miss the centaur. You block the centaur's attack. x2
You block the white imp's attack.
You hit the centaur.
The centaur is poisoned.
The centaur hits you but does no damage.
You block the centaur's attack. The white imp gestures at you.
The puff of frost hits you but does no damage.
You hit the centaur.
The centaur looks as sick as possible!
You block the centaur's attack. The white imp barely misses you.
You hit the centaur but do no damage. You block the centaur's attack.
The centaur hits you but does no damage.
The white imp hits you. The white imp freezes you.
You take 5 damage, and have 45/56 hp.
You hit the centaur.
You kill the centaur!
Beogh accepts your kill.
Your Shields skill increases to level 5!
Your Invocations skill increases to level 2!
You have reached level 7!
The jelly hits you but does no damage. You block the white imp's attack.
You regained 5 hp, and now have 50/61 hp.
MP restored: 8 You hit the jelly.
Your hands burn!
The jelly closely misses you. You block the white imp's attack.
You take 2 damage, and have 48/61 hp.
You puncture the jelly!
The jelly is poisoned.
Your hands burn!
The jelly hits you but does no damage.
The white imp hits you but does no damage.
You take 3 damage, and have 45/61 hp.
Your shield and scale mail prevent you from hitting the jelly.
The jelly hits you.
You are splashed with acid!
The white imp hits you but does no damage.
You block the jelly's attack.
You take 13 damage, and have 32/61 hp.
MASSIVE DAMAGE!!
You hit the jelly.
The jelly looks as sick as possible!
The acid corrodes you!
Your hands burn!
You kill the jelly!
Beogh accepts your kill. You block the white imp's attack.
You take 2 damage, and have 30/61 hp.
The white imp gestures at you. The puff of frost hits you!
You take 11 damage, and have 19/61 hp.
You block the white imp's attack.
Things that are here:
a +0 shortbow; 9 arrows; a centaur corpse You hit the white imp but do no damage.
The white imp hits you.
* * * LOW HITPOINT WARNING * * *
The white imp freezes you.
* * * LOW HITPOINT WARNING * * *
You take 7 damage, and have 12/61 hp.
You hit the white imp. The white imp gestures at you.
The puff of frost hits you.
* * * LOW HITPOINT WARNING * * *
You take 4 damage, and have 8/61 hp.
You closely miss the white imp. You block the white imp's attack.
You hit the white imp but do no damage. The white imp barely misses you.
You hit the white imp but do no damage.
The white imp is poisoned.
The white imp disappears for a moment.
The white imp gestures at you. The puff of frost hits you!
You die...

...#.#. ........ ....
.....#.##......###...
.....#..#.........<.
#...##.....##....#.##.
....###..........#...##.
..#..#....###...........
#.#.........#....# ....
####......(.(.(#.#..#...
#.......#....@.......
#...#...###.#5.......
##....####..#........
#....# ##...###....
#....## ##### .###
#...## # ####


You could see a white imp (very poisoned).

Vanquished Creatures
  2 centaurs (D:5)
  A bullfrog (D:3)
  2 jellies (D:5)
  A centaur skeleton (D:2)
  2 iguanas
  A worker ant (D:4)
  A worker ant zombie (D:5)
  4 adders
  A white imp (D:4)
  2 oozes (D:1)
  A worm (D:4)
  A dart slug (D:2)
  A leopard gecko (D:3)
  6 orcs (D:4)
  3 bats
  6 giant cockroaches
  6 goblins
  7 hobgoblins
  7 jackals
  3 quokkas
  A ball python (D:4)
  6 frilled lizards
  A goblin skeleton (D:4)
  A goblin zombie (D:4)
  2 hobgoblin zombies (D:4)
  5 kobolds
  A kobold skeleton (D:4)
  A kobold zombie (D:4)
  An orc skeleton (D:4)
  5 rats
82 creatures vanquished.

Notes
Turn   | Place    | Note
-------+----------+-------------------------------------------
     0 | D:1      | Firecrotchwizard the Hill Orc Fighter began the quest for
                  | the Orb.
     0 | D:1      | Reached XP level 1. HP: 19/19 MP: 1/1
   269 | D:3      | Reached XP level 2. HP: 27/27 MP: 2/2
   321 | D:3      | Noticed a bullfrog
   331 | D:3      | Killed a bullfrog
   331 | D:3      | Reached skill level 4 in Fighting
   331 | D:3      | Reached skill level 3 in Polearms
   331 | D:3      | Reached XP level 3. HP: 29/34 MP: 3/3
   331 | D:3      | Reached XP level 4. HP: 35/41 MP: 4/4
   563 | D:3      | Reached skill level 4 in Shields
  1290 | D:4      | Found a glowing golden altar of the Shining One.
  1375 | D:4      | Noticed Sigmund
  1470 | D:4      | Reached skill level 4 in Polearms
  1492 | D:4      | Found a runed translucent door.
  1493 | D:4      | Noticed Crazy Yiuf
  1518 | D:4      | Reached XP level 5. HP: 43/47 MP: 5/5
  1541 | D:4      | Became a worshipper of Beogh the Brigand
  2712 | D:2      | Reached skill level 5 in Fighting
  2712 | D:2      | Reached XP level 6. HP: 43/56 MP: 6/6
  3100 | D:1      | Reached * piety under Beogh
  3111 | D:1      | Reached skill level 5 in Polearms
  3809 | D:5      | Entered Level 5 of the Dungeon
  3837 | D:5      | Found a sparkling altar of Nemelex Xobeh.
  3844 | D:5      | Reached skill level 1 in Invocations
  4212 | D:5      | Reached skill level 5 in Shields
  4212 | D:5      | Reached skill level 2 in Invocations
  4212 | D:5      | Reached XP level 7. HP: 50/61 MP: 8/8
  4219 | D:5      | HP: 12/61 [white imp (5)]
  4223 | D:5      | Killed from afar by a white imp

Illustrated notes

Levels and vault maps discovered:
D:1:      dpeg_arrival_pits, layout_basic
D:2:      cheibrodos_helix_gallery, layout_basic
D:3:      layout_basic, minmay_pentomino_pile
D:4:      layout_basic, nicolae_tso_besieged_by_evil, first_ration,
          uniq_crazy_yiuf_cottage, uniq_sigmund
D:5:      layout_cave_pools, nemelex_xobeh_ov_fountains_minmay

Skill      XL: |  1  2  3  4  5  6 |
---------------+-------------------+-----
Fighting       | 4 5 |  5.5
Polearms       | 3 4 5 |  5.9
Shields        | 4 5 |  5.1
Invocations    | 2 |  2.3
Armour         | |  3.2

Action                   |  1- 3 |  4- 6 |  7- 9 || total
-------------------------+-------+-------+-------++-------
Melee: Trident           |    27 |     3 |       ||    30
       Dagger            |       |   255 |     9 ||   264
Invok: Convert to Beogh  |       |     1 |       ||     1
  Use: Potion            |     1 |       |       ||     1
  Eat: Chunk             |       |    11 |       ||    11
Armor: Scale mail        |    12 |    85 |     4 ||   101
Dodge: Dodged            |     5 |    67 |     2 ||    74
Block: Kite shield       |    10 |   112 |     6 ||   128

Table legend:
 A = Non-vault XP
 B = Vault XP
 C = Vault XP percentage of total XP
 D = Non-vault monster count
 E = Vault monster count
 F = Vault count percentage of total count
                 A         B        C        D         E       F
            +---------+---------+-------+---------+---------+-------
      Total |     741 |      27 |   3.5 |      68 |      14 |  17.1
            +---------+---------+-------+---------+---------+-------
        D:1 |      51 |       0 |   0.0 |      24 |       0 |   0.0
        D:2 |      80 |       2 |   2.4 |      16 |       2 |  11.1
        D:3 |     100 |       8 |   7.4 |       7 |       4 |  36.4
        D:4 |     110 |      17 |  13.4 |      13 |       8 |  38.1
        D:5 |     400 |       0 |   0.0 |       8 |       0 |   0.0
            +---------+---------+-------+---------+---------+-------

Levels and vault maps discovered:
D:1:      dpeg_arrival_pits, layout_basic
D:2:      cheibrodos_helix_gallery, layout_basic
D:3:      layout_basic, minmay_pentomino_pile
D:4:      layout_basic, nicolae_tso_besieged_by_evil, first_ration,
          uniq_crazy_yiuf_cottage, uniq_sigmund
D:5:      layout_cave_pools, nemelex_xobeh_ov_fountains_minmay

Table legend:
 A = Turns spent in this place as a percentage of turns spent in the entire game.
 B = Non-inter-level travel turns spent in this place as a percentage of non-inter-level travel turns spent in the entire game.
 C = Inter-level travel turns spent in this place as a percentage of turns spent in this place.
 D = Turns resting spent in this place as a percentage of non-inter-level travel turns spent in this place.
 E = Turns spent auto-exploring this place as a percentage of non-inter-level travel turns spent in this place.
 F = Non-inter-level travel turns spent in this place divided by the number of levels of this place that you've seen.
                   A       B       C       D       E      F
               +-------+-------+-------+-------+-------+----------------------
         Total | 100.0 | 100.0 |  13.5 |  13.1 |  68.1 | 730.6
       Dungeon | 100.0 | 100.0 |  13.5 |  13.1 |  68.1 | 730.6
               +-------+-------+-------+-------+-------+----------------------

Table legend:
 A = Kills in this place as a percentage of kills in entire the game.
 B = Kills by you in this place as a percentage of kills by you in the entire game.
 C = Kills by friends in this place as a percentage of kills by friends in the entire game.
 D = Other kills in this place as a percentage of other kills in the entire game.
 E = Experience gained in this place as a percentage of experience gained in the entire game.
 F = Experience gained in this place divided by the number of levels of this place that you have seen.
                   A       B       C       D       E      F
               +-------+-------+-------+-------+-------+----------------------
         Total | 100.0 | 100.0 |   N/A |   N/A | 100.0 | 153.6
       Dungeon | 100.0 | 100.0 |   N/A |   N/A | 100.0 | 153.6
               +-------+-------+-------+-------+-------+----------------------
